 Dungeon Crawl Stone Soup version 0.19.0 (webtiles) character file.

14210 Ultraviolent4 the Cleaver (level 11, 0/100 HPs)
             Began as a Deep Dwarf Gladiator on Nov 20, 2016.
             Was a Priest of Makhleb.
             Slain by Rupert
             ... wielding a +2 battleaxe of electrocution
              (6 damage)
             ... on level 3 of the Lair of Beasts.
             The game lasted 00:11:29 (7047 turns).

Ultraviolent4 the Cleaver (Deep Dwarf Gladiator)    Turns: 7047, Time: 00:11:29

Health: 0/100      AC: 16    Str: 22    XL:     11   Next: 85%
Magic:  8/8        EV: 13    Int:  9    God:    Makhleb [***...]
Gold:   268        SH:  3    Dex: 13    Spells: 0 memorised, 10 levels left

rFire  + . .     SeeInvis +     a - +1 war axe (elec)
rCold  . . .     Gourm    .     E - +0 chain mail {rF+}
rNeg   . . .     Faith    .     (no shield)
rPois  .         Spirit   .     H - +0 hat {SInv}
rElec  .         Reflect  +     z - +1 cloak
rCorr  .         Harm     .     (no gloves)
MR     ++...                    (no boots)
Stlth  ..........               G - +3 amulet of reflection (curse)
                                (no ring)
                                y - +3 ring of protection

@: non-regenerating
A: damage resistance, recharge devices, magic resistance 1, sense surroundings
2, slow regeneration 3
a: Device Recharging, Minor Destruction, Lesser Servant of Makhleb, Renounce
Religion


You were on level 3 of the Lair of Beasts.
You worshipped Makhleb.
Makhleb was most pleased with you.
You were very hungry.

You visited 3 branches of the dungeon, and saw 15 of its levels.

You collected 562 gold pieces.
You spent 294 gold pieces at shops.

Inventory:

Hand Weapons
 a - a +1 war axe of electrocution (weapon)
   (You acquired it on level 10 of the Dungeon)
 j - a +1 war axe
Missiles
 d - 3 throwing nets (quivered)
Armour
 b - a +0 pair of boots
   (You found it on level 2 of the Lair of Beasts)
 c - the +1 robe of Hesiotoa {rF+, unknown}
   (You found it on level 2 of the Lair of Beasts)

   It protects you from fire.
 z - a +1 cloak (worn)
   (You bought it in a shop on level 9 of the Dungeon)
 E - a +0 chain mail of fire resistance (worn)
   (You took it off Urug on level 11 of the Dungeon)
 H - a +0 hat of see invisible (worn)
   (You took it off Gastronok on level 2 of the Lair of Beasts)
Jewellery
 y - a +3 ring of protection (left hand)
   (You found it on level 9 of the Dungeon)
 D - an uncursed ring of ice
   (You found it on level 10 of the Dungeon)
 F - an uncursed ring of fire
   (You bought it in a shop on level 10 of the Dungeon)
 G - a cursed +3 amulet of reflection (around neck)
   (You found it on level 1 of the Lair of Beasts)
Wands
 e - a wand of heal wounds (5/9) {@v2}
 g - a wand of teleportation (6/9) {@v4}
   (You found it on level 2 of the Lair of Beasts)
 t - a wand of flame (27/48)
   (You found it on level 11 of the Dungeon)
 x - a wand of acid (6/15)
   (You found it on level 9 of the Dungeon)
Scrolls
 h - 6 scrolls of teleportation {@r4}
 i - 4 scrolls of recharging
 k - 2 scrolls of remove curse {@r2}
 u - 3 scrolls of enchant weapon
 A - a scroll of immolation {!r}
 I - a scroll of fog
Potions
 n - 5 potions of curing {@q1}
 o - a potion of invisibility
 r - a potion of cancellation {unknown}
 s - a potion of heal wounds {unknown}
 w - 2 potions of haste {unknown}
 B - 2 potions of flight {unknown}
 C - a potion of lignification {unknown}
 J - 4 potions of brilliance
Comestibles
 f - 7 slices of pizza
 l - 5 meat rations
 m - 5 fruits
 p - 3 royal jellies
 q - 7 bread rations
 v - 4 beef jerkies


   Skills:
 + Level 7.3 Fighting
 * Level 12.8 Axes
 - Level 1.7 Throwing
 + Level 8.7 Armour
 + Level 9.5 Dodging
 + Level 9.3 Invocations


You had 10 spell levels left.
You didn't know any spells.

Dungeon Overview and Level Annotations

Branches:
Dungeon (11/15)            Temple (1/1) D:4            Lair (3/6) D:11
    Orc (0/2) D:11
  Swamp: Lair:2-4    Shoals: Lair:2-4     Snake: Lair:2-4    Spider: Lair:2-4

Altars:
Ashenzari
Cheibriados
Dithmenos
Elyvilon
Fedhas
Gozag
Hepliaklqana
Makhleb
Nemelex Xobeh
Okawaru
Qazlal
Ru
Sif Muna
Trog
Uskayaw
Vehumet
Xom
Yredelemnul
The Shining One

Shops:
D:9 [   D:10 *

Annotations:
D:3 1 runed door
D:9 exclusion: ice statue
Lair:3 Rupert


Innate Abilities, Weirdness & Mutations

You are resistant to damage.
You can recharge devices by infusing magical energy.
You passively map the area around you.
You do not regenerate.
You are resistant to hostile enchantments. (MR+)


Message History

Rupert closely misses you. The basilisk gazes at you.
Your hellwing resists with almost no effort.
Rupert is engulfed in a cloud of scalding steam.
Rupert hits you with a battleaxe of electrocution!!
You feel much better.
This wand has 2 charges left.
The basilisk gazes at you.
Your hellwing resists with almost no effort.
Rupert is engulfed in a cloud of scalding steam.
Rupert hits you with a battleaxe of electrocution!
You are electrocuted!
You feel much better.
This wand has 1 charge left.
Your hellwing is no longer petrified.
Your hellwing hits the basilisk.
Your hellwing barely misses the basilisk.
Rupert hits you with a battleaxe of electrocution.
You are electrocuted!
The basilisk bites your hellwing.
A demon appears!
Rupert hits you with a battleaxe of electrocution!
You are electrocuted!
* * * LOW HITPOINT WARNING * * *
Your hellwing completely misses the basilisk.
Your hellwing hits the basilisk.
The basilisk bites your hellwing but does no damage.
You feel much better.
This wand has 0 charges left.
You block Rupert's attack.
Your hellwing hits the basilisk. x2
The basilisk bites your hellwing but does no damage.
Your smoke demon gestures at Rupert.
The ball of steam hits Rupert.
Rupert is no longer weakened.
Rupert is engulfed in a cloud of scalding steam.
Your hellwing hits the basilisk!
The basilisk dies!
Makhleb accepts your kill.
Rupert hits your smoke demon with a battleaxe of electrocution!
Rupert hits you with a battleaxe of electrocution!
You are electrocuted!
* * * LOW HITPOINT WARNING * * *
Your smoke demon gestures at Rupert.
The sticky flame hits Rupert.
Rupert is covered in liquid flames!
This wand has no charges.
Okay, then.
Okay, then.
Okay, then.
Charge which item? (? for menu, Esc to quit)
Your wand of heal wounds (0/9) {@v2} glows for a moment and now has 5 charges.
Rupert burns!
Rupert barely misses your smoke demon.
Rupert hits you with a battleaxe of electrocution!
You die...

##........... ,
#P........(...
**,
#...†#....#.. ,
, #.P...##.....
,,*
#.'.4.........,,
#.##§§....P... ,
* *
#..§§§........ ,
, #.##.@3.......
,
##.P#.@#...P#..
##..............
*
#.#.............
,
###.....<.......
####.#.##.##P# *
* #####*##***


You could see Rupert (berserk), a friendly hellwing and a friendly smoke demon.

Vanquished Creatures
  Urug (D:11)
  A hill giant (D:10)
  Joseph (D:8)
  3 gargoyles
  A spiny frog (Lair:2)
  A komodo dragon (Lair:1)
  The ghost of Ultraviolent4 the Chopper, an amateur DDGl (D:4)
  2 two-headed ogres
  A hornet (D:9)
  Prince Ribbit (D:8)
  Grinder (D:3)
  Sigmund (D:3)
  8 yaks
  A hungry ghost (D:7)
  2 basilisks
  3 hogs (D:9)
  A human (D:9)
  A vampire (D:10)
  2 wargs (D:11)
  A water moccasin (Lair:2)
  2 black bears
  4 ogres
  4 orc warriors
  2 sky beasts
  2 ice beasts
  3 phantoms
  2 necrophages
  5 centaurs (D:11)
  A big kobold (D:8)
  A gnoll sergeant (D:11)
  3 bullfrogs
  2 scorpions
  7 killer bees
  9 wights
  5 howler monkeys
  4 crimson imps
  A quasit (D:10)
  2 bullfrog zombies
  6 orc priests
  5 hounds
  8 jellies
  2 centaur skeletons
  A bullfrog skeleton (D:4)
  3 iguanas
  18 orc wizards
  Natasha (thrice) (D:3)
  8 worker ants
  A bullfrog simulacrum (D:9)
  3 hound skeletons
  Robin (D:3)
  8 gnolls
  3 adders
  2 shadow imps
  2 white imps (D:9)
  An ooze (D:6)
  2 adder skeletons (D:5)
  An adder zombie (D:7)
  2 dart slugs
  43 orcs
  7 giant cockroaches
  11 goblins
  8 hobgoblins
  2 jackals (D:3)
  4 quokkas
  A ball python (D:3)
  5 bats
  3 frilled lizards
  6 kobolds
  3 leopard gecko skeletons
  A quokka skeleton (D:8)
  A quokka zombie (D:7)
  5 rats
273 creatures vanquished.

Vanquished Creatures (collateral kills)
  Gastronok (Lair:2)
  A hydra (Lair:2)
  An ugly thing (D:11)
  A rime drake (Lair:3)
  A basilisk (Lair:3)
  A water moccasin (Lair:3)
  An orc warrior (D:11)
  A centaur (D:9)
  A wolf (D:9)
  A howler monkey (D:11)
  2 white imps (D:9)
  A leopard gecko (D:11)
  2 orcs (D:11)
15 creatures vanquished.

Grand Total: 288 creatures vanquished

Notes
Turn   | Place    | Note
-------+----------+-------------------------------------------
     0 | D:1      | Ultraviolent4 the Deep Dwarf Gladiator began the quest for the Orb.
     0 | D:1      | Reached XP level 1. HP: 19/19 MP: 1/1
   241 | D:1      | Reached XP level 2. HP: 26/26 MP: 2/2
   425 | D:3      | Noticed Natasha
   437 | D:3      | Killed Natasha
   437 | D:3      | Reached skill level 4 in Axes
   437 | D:3      | Reached skill level 1 in Armour
   437 | D:3      | Reached XP level 3. HP: 19/32 MP: 3/3
   444 | D:3      | Noticed Natasha
   450 | D:3      | Killed Natasha
   450 | D:3      | Reached XP level 4. HP: 38/39 MP: 3/3
   452 | D:3      | Noticed Natasha
   453 | D:3      | Noticed Grinder
   460 | D:3      | Killed Natasha
   473 | D:3      | Killed Grinder
   473 | D:3      | Reached skill level 5 in Axes
   473 | D:3      | Reached XP level 5. HP: 27/48 MP: 4/4
   473 | D:3      | Reached XP level 6. HP: 31/55 MP: 5/5
   535 | D:3      | Noticed Robin
   554 | D:3      | Killed Robin
   812 | D:3      | Found a glowing golden altar of the Shining One.
   904 | D:3      | Noticed Sigmund
   920 | D:3      | Killed Sigmund
   920 | D:3      | Reached skill level 6 in Axes
   949 | D:3      | Reached XP level 7. HP: 57/62 MP: 2/5
  1017 | D:3      | Found a runed door.
  1384 | D:4      | Reached skill level 5 in Dodging
  1458 | D:4      | Found a staircase to the Ecumenical Temple.
  1529 | Temple   | Entered the Ecumenical Temple
  1627 | Temple   | Became a worshipper of Makhleb the Destroyer
  1735 | D:4      | Noticed Ultraviolent4's ghost (amateur DDGl)
  1763 | D:4      | Killed Ultraviolent4's ghost
  1763 | D:4      | Reached skill level 1 in Invocations
  1826 | D:4      | Reached skill level 7 in Axes
  1881 | D:4      | Reached XP level 8. HP: 49/72 MP: 7/7
  1953 | D:5      | Entered Level 5 of the Dungeon
  2195 | D:5      | Reached * piety under Makhleb
  2491 | D:5      | Reached skill level 8 in Axes
  2771 | D:5      | Reached skill level 5 in Armour
  3131 | D:7      | Reached ** piety under Makhleb
  3134 | D:7      | Gained mutation: You passively map the area around you. [Deep Dwarf growth]
  3134 | D:7      | Reached XP level 9. HP: 66/79 MP: 6/8
  3211 | D:7      | Reached skill level 9 in Axes
  3263 | D:7      | Reached skill level 5 in Fighting
  3298 | D:7      | Reached skill level 5 in Invocations
  3350 | D:8      | Noticed Joseph
  3381 | D:8      | Killed Joseph
  3413 | D:8      | Gained mutation: You are resistant to hostile enchantments. (MR+) [potion of beneficial mutation]
  3471 | D:8      | Noticed Prince Ribbit
  3493 | D:8      | Killed Prince Ribbit
  3554 | D:8      | Reached *** piety under Makhleb
  3622 | D:8      | Reached skill level 10 in Axes
  3658 | D:8      | Noticed a gargoyle
  3680 | D:8      | Killed a gargoyle
  3680 | D:8      | Reached XP level 10. HP: 73/88 MP: 7/7
  3726 | D:8      | Found a radiant altar of Vehumet.
  4197 | D:9      | Found a sacrificial altar of Ru.
  4279 | D:9      | Found a snail-covered altar of Cheibriados.
  4279 | D:9      | Found an iron altar of Okawaru.
  4285 | D:9      | Found a faded altar of an unknown god.
  4287 | D:9      | Found a faded altar of an unknown god.
  4289 | D:9      | Found an opulent altar of Gozag.
  4411 | D:9      | Found Gitumyhi's Armour Boutique.
  4428 | D:9      | Bought a +1 cloak for 149 gold pieces
  4545 | D:9      | Reached skill level 11 in Axes
  4582 | D:9      | Noticed an ice statue
  4968 | D:10     | Entered Level 10 of the Dungeon
  5060 | D:10     | Reached **** piety under Makhleb
  5131 | D:10     | Noticed a hill giant
  5143 | D:10     | Killed a hill giant
  5165 | D:10     | Identified a scroll of acquirement
  5585 | D:10     | Reached XP level 11. HP: 98/98 MP: 10/10
  5612 | D:10     | Found Fydoen's Assorted Antiques.
  5615 | D:10     | Bought a large tourmaline ring for 145 gold pieces
  5873 | D:11     | Found a staircase to the Lair.
  5908 | D:11     | Noticed Urug
  5922 | D:11     | Killed Urug
  6029 | D:11     | Found a staircase to the Orcish Mines.
  6030 | D:11     | Noticed a brown ugly thing
  6046 | D:11     | Killed a brown ugly thing
  6147 | D:11     | Reached skill level 12 in Axes
  6251 | Lair:1   | Entered Level 1 of the Lair of Beasts
  6393 | Lair:2   | Noticed Gastronok
  6410 | Lair:2   | Killed Gastronok
  6446 | Lair:2   | Got a steaming robe
  6653 | Lair:2   | Noticed a six-headed hydra
  6666 | Lair:2   | Killed an eight-headed hydra
  7020 | Lair:3   | Noticed Rupert
  7047 | Lair:3   | Slain by Rupert

Skill      XL: |  1  2  3  4  5  6  7  8  9 10 11 |
---------------+----------------------------------+-----
Fighting       | 2 3 4 5 6 7 |  7.3
Axes           | 4 5 6 7 8 10 11 12 | 12.8
Armour         | 1 2 3 4 5 6 7 8 |  8.7
Dodging        | 4 5 6 7 8 9 |  9.5
Invocations    | 1 4 6 8 9 |  9.3
Throwing       | |  1.7

Action                   |  1- 3 |  4- 6 |  7- 9 | 10-12 || total
-------------------------+-------+-------+-------+-------++-------
Melee: War axe           |    49 |    95 |   539 |   465 ||  1148
Invok: Lesser Servant of |       |       |       |    11 ||    11
 Abil: Device Recharging |     1 |     1 |     5 |     3 ||    10
Evoke: Wand              |     2 |     6 |    29 |    17 ||    54
  Use: Scroll            |       |       |    11 |    10 ||    21
       Potion            |       |       |     1 |       ||     1
 Stab: Sleeping          |       |     1 |       |       ||     1
  Eat: Chunk             |       |       |    16 |    10 ||    26
Armor: Leather armour    |    10 |    20 |    63 |       ||    93
       Chain mail        |       |       |    98 |   132 ||   230
       Plate armour      |       |       |       |   147 ||   147
Dodge: Dodged            |    35 |    82 |   344 |   331 ||   792
Block: Other             |       |       |       |     9 ||     9
